 Dungeon Crawl Stone Soup version 0.18-a0-5-gf1fb587 (webtiles) character file.

429 4thArraOfDagon the Chopper (level 6, -1/49 HPs)
             Began as a Vine Stalker Berserker on Oct 31, 2015.
             Was a Believer of Trog.
             Engulfed by tp1's ghost's flame (8 damage)
             ... on level 7 of the Dungeon.
             The game lasted 00:03:33 (610 turns).

4thArraOfDagon the Chopper (Vine Stalker Berserker)  Turns: 610, Time: 00:03:33

Health: -1/49      AC:  5    Str: 26    XL:     6   Next: 98%
Magic:  0/8        EV: 11    Int:  7    God:    Trog [**....]
Gold:   89         SH:  0    Dex: 14    Spells: 0 memorised, 5 levels left

rFire  . . .     SeeInvis +     a - +0 hand axe
rCold  . . .     Clarity  .     o - +0 ring mail
rNeg   . . .     SustAt   .     (no shield)
rPois  .         Gourm    .     (no helmet)
rElec  .         Spirit   +     (no cloak)
rCorr  .         Warding  .     (no gloves)
rMut   .         Stasis   .     (no boots)
MR     ++...                    (no amulet)
Stlth  ..........               (no ring)
                                s - ring of see invisible

@: berserking, lethally poisoned (-1 -> -9), regenerating, very quick, very
resistant to hostile enchantments, extremely unstealthy
A: fangs 2, regeneration 2, magic shield, antimagic bite, no device heal 3, rot
immunity
a: Berserk, Trog's Hand, Burn Spellbooks, Renounce Religion


You were on level 7 of the Dungeon.
You worshipped Trog.
Trog was pleased with you.
You were not hungry.

You visited 1 branch of the dungeon, and saw 6 of its levels.

You collected 89 gold pieces.

Inventory:

Hand Weapons
 a - a +0 hand axe (weapon)
Armour
 o - a +0 ring mail (worn)
Jewellery
 s - a ring of see invisible (left hand)
Wands
 p - a wand of slowing (34)
Scrolls
 b - a scroll of identify {unknown}
 d - a scroll of enchant armour {unknown}
 e - 2 scrolls of magic mapping {unknown}
 f - a scroll of recharging {unknown}
 g - a scroll of amnesia {unknown}
 n - a scroll of enchant weapon {unknown}
Comestibles
 c - 2 bread rations
 m - a chunk of flesh


   Skills:
 + Level 4.0 Fighting
 * Level 5.0 Axes
 + Level 3.0 Armour
 - Level 1.5 Dodging
 + Level 1.6 Evocations


You had 5 spell levels left.
You didn't know any spells.

Dungeon Overview and Level Annotations

Branches:
Dungeon (7/15)
 Temple: D:4-7

Altars:

Annotations:
D:7 Alipheese's ghost, novice NaFi; tp1's ghost, novice DEWz


Innate Abilities, Weirdness & Mutations

You have extremely sharp teeth.
You heal very quickly.
When hurt, damage is shared between your health and your magic reserves.
Your bite disrupts and absorbs the magic of your enemies.
Potions and wands cannot restore your health.
You are immune to rotting.


Message History

You feel somewhat more hungry.
You feel very sick.
Tp1's ghost casts a spell at thin air.
A cloud of flames roars to life!
Unknown command.
You miss tp1's ghost. Your bite misses tp1's ghost.
You feel sick. Tp1's ghost hits you.
* * * LOW HITPOINT WARNING * * *
You are lethally poisoned!
Unknown command.
You hit tp1's ghost. Your bite misses tp1's ghost.
Tp1's ghost is lightly damaged.
* * * LOW HITPOINT WARNING * * *
You feel very sick.
Tp1's ghost gestures wildly while chanting.
Tp1's ghost blinks!
Unknown command.
Really walk into that cloud of flame?
You are engulfed in roaring flames.
You die...

......c....
.=....... ......
########.#.#
#........W.#
#.######c#.#
#.#...<#s# #
#.#'####§# .#
#....§@..# ...'
#....##### ...#
#....# ##...#
#....######.....
#............#
#............# #
#.###........#####
# #.
#............. #
#. #.......##### #


There were no monsters in sight!

Vanquished Creatures
  Menkaure (D:5)
  A sky beast (D:7)
  A centaur (D:7)
  A scorpion (D:7)
  A hound (D:7)
  A jelly (D:7)
  An adder (D:2)
  A shadow imp (D:5)
  An ooze (D:6)
  3 orcs (D:5)
  A hobgoblin (D:2)
  A kobold (D:2)
  3 giant geckos
  A giant newt (D:7)
  2 rats (D:2)
20 creatures vanquished.

Notes
Turn   | Place    | Note
--------------------------------------------------------------
     0 | D:1      | 4thArraOfDagon the Vine Stalker Berserker began the quest for the Orb.
     0 | D:1      | Reached XP level 1. HP: 11/11 MP: 2/2
   139 | D:2      | Reached skill level 3 in Axes
   139 | D:2      | Reached XP level 2. HP: 16/16 MP: 1/3
   224 | D:2      | You fall through a shaft for 2 floors!
   235 | D:5      | Entered Level 5 of the Dungeon
   309 | D:5      | Noticed Menkaure
   314 | D:5      | Killed Menkaure
   314 | D:5      | Reached skill level 4 in Axes
   314 | D:5      | Reached XP level 3. HP: 10/20 MP: 4/4
   314 | D:5      | Reached XP level 4. HP: 12/24 MP: 5/5
   314 | D:5      | Reached XP level 5. HP: 14/28 MP: 6/6
   355 | D:6      | Noticed a phantom
   476 | D:7      | Noticed a sky beast
   487 | D:7      | Killed a sky beast
   487 | D:7      | Reached skill level 1 in Evocations
   487 | D:7      | Gained mutation: You heal very quickly. [Vine Stalker growth]
   487 | D:7      | Reached XP level 6. HP: 33/33 MP: 7/7
   497 | D:7      | Reached ** piety under Trog
   512 | D:7      | Noticed a centaur
   519 | D:7      | Killed a centaur
   522 | D:7      | Reached skill level 5 in Axes
   533 | D:7      | Noticed Alipheese's ghost (novice NaFi)
   590 | D:7      | Noticed tp1's ghost (novice DEWz)
   592 | D:7      | Noticed a centaur
   597 | D:7      | Noticed a centaur
   598 | D:7      | Noticed a trapdoor spider
   610 | D:7      | Engulfed by tp1's ghost's flame

Vault maps used:
D:1:      mrwooster_arrival_statue_2
D:4:      temple_statues, gup_sewer_entry_bowl, uniq_grinder
D:5:      first_bread, serial_shops, shop, uniq_menkaure
D:6:      old_standard_altar, kennysheep_little_box, serial_shops, shop,
          trog_book, uniq_duvessa, uniq_crazy_yiuf_cottage
D:7:      kennysheep_path_1, grunt_livestock

Action                   |  1- 3 |  4- 6 || total
-------------------------+-------+-------++-------
Melee: Hand axe          |    29 |    33 ||    62
Invok: Berserk           |     2 |     2 ||     4
       Trog's Hand       |       |     1 ||     1
  Use: Potion            |       |     7 ||     7
  Eat: Chunk             |       |     1 ||     1
       Beef jerky        |       |     1 ||     1
